 Dungeon Crawl Stone Soup version bcrawl-1.21.3-2-g9d8a61a446 (webtiles) character file.

Game seed: 4721421127712469124

1805 funkygono the Shield-Bearer (level 8, -5/62 HPs)
             Began as a Demonspawn Fighter on Apr 13, 2020.
             Was an Initiate of Okawaru.
             Slain by a troll (11 damage)
             ... on level 7 of the Dungeon.
             The game lasted 00:10:45 (5324 turns).

funkygono the Shield-Bearer (Demonspawn Fighter)    Turns: 5324, Time: 00:10:45

Health: -5/62      AC:  9    Str: 19    XL:     8   Next: 84%
Magic:  8/8        EV: 12    Int:  9    God:    Okawaru [......]
Gold:   531        SH:  7    Dex: 13    Spells: 7/7 levels left

rFire    . . .     SeeInvis .   f - +1 whip (vamp)
rCold    . . .     Gourm    .   u - +2 buckler
rNeg     . . .     Faith    .   r - -2 ring mail (curse)
rPois    .         Spirit   .   q - +0 helmet
rElec    .         Reflect  .   v - +0 cloak
rCorr    .         Harm     .   (no gloves)
MR       .....                  j - +0 pair of boots
Stlth    +.........             (no amulet)
HPRegen  0.20/turn              k - ring of flight
MPRegen  0.11/turn              (no ring)

@: no status effects
A: iridescent scales 1, spiny 2
a: Renounce Religion, Evoke Flight


You were on level 7 of the Dungeon.
You worshipped Okawaru.
Okawaru was noncommittal.
You were not hungry.

You visited 2 branches of the dungeon, and saw 8 of its levels.

You collected 531 gold pieces.

Inventory:

Hand Weapons
 f - a +1 vampiric whip (weapon)
 g - the +10 short sword of Dissolution {protect, *Contam rElec MR+++ Str+3, unknown}
   (You found it on level 4 of the Dungeon)

   It grants its wielder temporary protection when it strikes (+7 to AC).
   It affects your strength (+3).
   It insulates you from electricity.
   It affects your resistance to hostile enchantments.
   It causes magical contamination when unequipped.
 t - a +0 hunting sling
 y - the +7 great sword "Reycsao" {venom, rElec Stlth+, unknown}
   (You found it on level 6 of the Dungeon)

   It poisons the flesh of those it strikes.
   It insulates you from electricity.
   It makes you more stealthy.
Missiles
 m - 359 sling bullets
 n - 706 bolts
 p - 1091 stones (quivered)
Armour
 j - a +0 pair of boots (worn)
 q - a +0 helmet (worn)
 r - a cursed -2 ring mail (worn)
 u - a +2 buckler (worn)
 v - a +0 cloak (worn)
 x - a +0 plate armour
Jewellery
 k - a ring of flight (left hand)
Scrolls
 l - a scroll of magic mapping
 s - 3 scrolls of teleportation
Potions
 b - 2 potions of mutation
 c - 5 potions of curing
 d - 3 potions of might
 h - a potion of invisibility
 i - 3 potions of lignification
 o - a potion of brilliance
 w - a potion of ambrosia {unknown}
Comestibles
 e - 6 rations {!d}


   Skills:
 + Level 5.2 Fighting
 + Level 5.7 Maces & Flails
 + Level 5.1 Armour
 + Level 3.4 Dodging
 + Level 0.4 Stealth
 + Level 6.1 Shields


You had 7 spell levels left.
You didn't know any spells.
Your spell library was empty.

Dungeon Overview and Level Annotations

Branches:
Dungeon (7/12)             Temple (1/1) D:6
   Lair: D:7-9

Altars:
Ashenzari
Cheibriados
Dithmenos
Elyvilon
Fedhas
Gozag
Hepliaklqana
Kikubaaqudgha
Lugonu
Makhleb
Nemelex Xobeh
Okawaru
Qazlal
Ru
Sif Muna
Trog
Uskayaw
Vehumet
Wu Jian
Xom
Yredelemnul
Zin
The Shining One


Innate Abilities, Weirdness & Mutations

You are partially covered in iridescent scales. (AC +2)
You are mostly covered in sharp spines.


Message History

The troll is struck by your spines. The troll barely misses you.
The troll claws you. The troll misses you.
You hit the troll.
The troll is moderately wounded.
The troll is struck by your spines. The troll closely misses you.
The troll claws you. You block the troll's attack.
The hippogriff completely misses you. The hippogriff closely misses you.
The hippogriff misses you.
You barely miss the troll.
The troll is heavily wounded.
You hit the troll but do no damage.
The troll is heavily wounded.
The troll bites you!
The troll claws you but does no damage. x2
The hippogriff closely misses you. x2; You block the hippogriff's attack.
You hit the troll but do no damage.
The troll is heavily wounded.
The troll bites you!
* * * LOW HITPOINT WARNING * * *
The troll claws you!
You die...

#..... #.....
#....# #....###
#...... #.....
#..HT# #...@#
..# ####'# ...#
#....# ...
#....##### #.#
#....##..####.#
#.............#
#.............#
#.............#
#............<#


You could see a hippogriff and a troll.

Vanquished Creatures
  Prince Ribbit (D:5)
  Eustachio (D:6)
  Edmund (D:6)
  2 ogres (D:6)
  2 centaurs
  Blork the orc (D:5)
  A bullfrog (D:6)
  3 crimson imps
  A hound (D:4)
  2 quasits (D:6)
  2 orc priests (D:6)
  Crazy Yiuf (D:6)
  2 centaur skeletons (D:4)
  3 orc wizards (D:6)
  A gnoll shaman (D:6)
  3 iguanas
  A bullfrog skeleton (D:5)
  4 worker ants
  A worker ant zombie (D:6)
  Robin (D:2)
  4 gnolls (D:6)
  6 adders
  A shadow imp (D:6)
  6 worms
  5 dart slugs
  6 orcs
  2 bats
  5 giant cockroaches
  18 goblins
  12 hobgoblins
  8 jackals
  8 kobolds
  A ball python (D:2)
  5 frilled lizards
  3 rats (D:1)
124 creatures vanquished.

Vanquished Creatures (others)
  2 fungi (D:6)
2 creatures vanquished.

Grand Total: 126 creatures vanquished

Notes
Turn   | Place    | Note
-------+----------+-------------------------------------------
     0 | D:1      | funkygono the Demonspawn Fighter began the quest for the
                  | Orb.
     0 | D:1      | Reached XP level 1. HP: 18/18 MP: 1/1
   191 | D:1      | Gained mutation: You are partially covered in sharp spines.
                  | [demonic ancestry]
   191 | D:1      | Reached XP level 2. HP: 24/24 MP: 2/2
   415 | D:1      | Gained mutation: You are partially covered in iridescent
                  | scales. (AC +2) [demonic ancestry]
   415 | D:1      | Reached XP level 3. HP: 29/29 MP: 3/3
   800 | D:2      | Found a radiant altar of Vehumet.
   894 | D:2      | Reached XP level 4. HP: 23/35 MP: 4/4
   941 | D:2      | Found a snail-covered altar of Cheibriados.
   970 | D:2      | Reached skill level 1 in Dodging
  1103 | D:2      | Reached skill level 3 in Shields
  1326 | D:2      | Noticed Robin
  1336 | D:2      | Killed Robin
  1708 | D:3      | Gained mutation: You are mostly covered in sharp spines.
                  | [demonic ancestry]
  1708 | D:3      | Reached XP level 5. HP: 42/42 MP: 5/5
  2300 | D:4      | Reached XP level 6. HP: 47/48 MP: 6/6
  2325 | D:4      | Reached skill level 4 in Shields
  2440 | D:4      | Found an ancient bone altar of Kikubaaqudgha.
  2646 | D:4      | Got a twisted short sword
  2756 | D:5      | Entered Level 5 of the Dungeon
  2756 | D:5      | Noticed Prince Ribbit
  2772 | D:5      | Killed Prince Ribbit
  2772 | D:5      | Reached XP level 7. HP: 38/54 MP: 7/7
  3063 | D:5      | Noticed Blork the orc
  3086 | D:5      | Killed Blork the orc
  3086 | D:5      | Reached skill level 5 in Shields
  3599 | D:6      | Found a runed door.
  3603 | D:6      | Noticed Crazy Yiuf
  3611 | D:6      | Killed Crazy Yiuf
  3657 | D:6      | Noticed Eustachio
  3698 | D:6      | Killed Eustachio
  3698 | D:6      | Reached XP level 8. HP: 61/61 MP: 8/8
  3717 | D:6      | Found a blossoming altar of Fedhas.
  3827 | D:6      | Got a twisted great sword
  3833 | D:6      | Reached skill level 5 in Maces & Flails
  3875 | D:6      | Reached skill level 5 in Fighting
  4261 | D:6      | Found a staircase to the Ecumenical Temple.
  4304 | Temple   | Entered the Ecumenical Temple
  4411 | Temple   | Became a worshipper of Warmaster Okawaru
  4715 | D:6      | Reached skill level 6 in Shields
  4726 | D:6      | Reached skill level 5 in Armour
  4944 | D:6      | Found a glowing golden altar of the Shining One.
  4953 | D:6      | Found a shimmering altar of Xom.
  5057 | D:6      | Noticed Edmund
  5077 | D:6      | Killed Edmund
  5315 | D:7      | Noticed a troll
  5317 | D:7      | Noticed a hippogriff
  5324 | D:7      | Slain by a troll

Skill      XL: |  1  2  3  4  5  6  7  8 |
---------------+-------------------------+-----
Maces & Flails | 2 3 4 5 |  5.7
Armour         | 3 4 5 |  5.1
Dodging        | 1 2 3 |  3.4
Shields        | 3 4 5 6 |  6.1
Fighting       | 4 5 |  5.2
Stealth        | |  0.4

Action                   |  1- 3 |  4- 6 |  7- 9 || total
-------------------------+-------+-------+-------++-------
Melee: Whip              |   109 |   179 |   255 ||   543
       Flail             |     8 |       |       ||     8
  Use: Scroll            |     4 |     6 |     2 ||    12
       Potion            |       |     1 |       ||     1
  Eat: Ration            |     2 |       |     1 ||     3
       Chunk             |       |     4 |     7 ||    11
Armor: Scale mail        |    34 |    60 |       ||    94
       Ring mail         |       |       |    47 ||    47
Dodge: Dodged            |    24 |    43 |   107 ||   174
Block: Medium shield     |    48 |    50 |       ||    98
       Buckler           |       |    15 |    79 ||    94
